 Dungeon Crawl Stone Soup version 0.31.0-11-ge490571c62 (webtiles) character file.

Game seed: 8710864982547986874

1094 BeingJoeMalik the Cleaver (level 8, -8/58 HPs)
             Began as a Human Delver on Jan 28, 2024.
             Mangled by a gnoll sergeant
             ... wielding a +0 trident
              (10 damage)
             ... on level 5 of the Dungeon.
             The game lasted 00:15:27 (4931 turns).

BeingJoeMalik the Cleaver (Human Delver)            Turns: 4931, Time: 00:15:28

Health: -8/58      AC:  7    Str: 13    XL:     8   Next: 31%
Magic:  8/8        EV: 12    Int: 11    God:
Gold:   112        SH:  0    Dex: 16    Spells: 7/7 levels left

rFire   . . .        a - +1 hand axe
rCold   . . .        (no shield)
rNeg    . . .        b - +0 leather armour
rPois   .            (no helmet)
rElec   .            (no cloak)
rCorr   +            (no gloves)
SInv    .            (no boots)
Will    .....        (no amulet)
Stlth   +++          m - +4 ring of protection
HPRegen 0.29/turn    n - ring of resist corrosion
MPRegen 0.11/turn

%: no passive effects
@: no status effects
A: explore regen
a: no special abilities


You were on level 5 of the Dungeon.
You visited 1 branch of the dungeon, and saw 6 of its levels.

You collected 126 gold pieces.
You spent 14 gold pieces at shops.

Inventory:

Hand Weapons
 a - a +1 hand axe (weapon)
Missiles
 h - 9 javelins
 j - 11 poisoned darts (quivered)
Armour
 b - a +0 leather armour (worn)
 o - a +0 plate armour of poison resistance
Jewellery
 m - a +4 ring of protection (left hand)
 n - a ring of resist corrosion (right hand)
 p - a ring of fire
 v - an amulet of faith
Wands
 f - a wand of polymorph (11)
 g - a wand of digging (4)
Scrolls
 c - 2 scrolls of fog
 d - a scroll of enchant weapon
 e - 2 scrolls of fear
 i - 4 scrolls of identify
 k - a scroll of enchant armour {unknown}
 r - 2 scrolls of teleportation
Potions
 l - a potion of attraction
 q - a potion of brilliance
 s - a potion of enlightenment
 x - a potion of degeneration


   Skills:
 + Level 3.0 Fighting
 + Level 9.8 Axes
 - Level 2.0 Dodging
 - Level 5.0 Stealth


You had 7 spell levels left.
You didn't know any spells.
Your spell library contained the following spells:

 Spells                   Type           Power      Damage    Failure   Level
 Kiss of Death            Conj/Necr      0%         2d5       41%         1
 Call Imp                 Summ           0%         N/A       56%         2
 Sublimation of Blood     Necr           0%         N/A       56%         2
 Confusing Touch          Hex            0%         N/A       80%         3
 Dispel Undead            Necr           0%         3d6       99%         4
 Summon Hydra             Summ           0%         N/A       100%        7


Dungeon Overview and Level Annotations

Branches:
Dungeon (6/15)
 Temple: D:4-7

Altars:

Shops:
D:4 [?   D:5 [

Annotations:
D:3 Sigmund


Innate Abilities, Weirdness & Mutations

You regain HP and MP as you explore.


Message History

Roots grab the gnoll sergeant.
The now-empty wand crumbles to dust.
The grasping roots constrict the gnoll sergeant.
You hear a shout!
The gnoll sergeant closely misses you.
You hit the gnoll sergeant but do no damage.
The gnoll sergeant is moderately wounded.
The grasping roots constrict the gnoll sergeant, but do no damage.
The roots release their grip on the gnoll sergeant.
The gnoll sergeant hits you but does no damage.
You hit the gnoll sergeant.
You punch the gnoll sergeant, but do no damage.
The gnoll sergeant is moderately wounded.
The gnoll sergeant hits you with a +0 trident.
* * * LOW HITPOINT WARNING * * *
Unknown command.
You hit the gnoll sergeant.
The gnoll sergeant is heavily wounded.
The gnoll sergeant hits you with a +0 trident!
* * * LOW HITPOINT WARNING * * *
Okay, then.
You hit the gnoll sergeant but do no damage.
The gnoll sergeant is heavily wounded.
The gnoll sergeant hits you with a +0 trident!
* * * LOW HITPOINT WARNING * * *
Unknown command.
Okay, then.
Okay, then.
Unknown command.
You hit the gnoll sergeant but do no damage.
The gnoll sergeant is heavily wounded.
Unknown command.
You hit the gnoll sergeant.
The gnoll sergeant is severely wounded.
The gnoll sergeant misses you.
Unknown command.
You hit the gnoll sergeant but do no damage.
The gnoll sergeant is severely wounded.
The gnoll sergeant hits you with a +0 trident!
You die...

...# ##### #.#......# #......#
...###...# #.#......# #......#
...##)...# #.#......# #......##
.!.#.....####........# #........
.........##..........# #.....###
####..........####...########.###
..####......####.................
....####..####...g#######.#######
......######....@## ##..#
......######.....## ###..########
....####..####....###............
..####......####......##.........
####..........####.........!.....
.......#.........................
.#.#####.........................
.#.# ######..>.#...............
##.# ######...............


You could see a gnoll sergeant.

Vanquished Creatures
  Pargi (D:3)
  A black bear (D:5)
  An ogre (D:5)
  3 phantoms (D:4)
  3 scorpions
  3 hounds
  A sleepcap (D:5)
  Natasha (twice) (D:3)
  An iguana (D:5)
  8 gnolls
  5 adders
  4 river rats (D:3)
  3 dart slugs
  2 ribbon worms (D:2)
  6 orcs
  A bat (D:2)
  6 endoplasms
  2 giant cockroaches
  5 goblins
  4 hobgoblins
  8 kobolds
  6 quokkas
  7 ball pythons
  3 frilled lizards
  5 rats
91 creatures vanquished.

Notes
Turn   | Place    | Note
-------+----------+-------------------------------------------
     0 | D:5      | BeingJoeMalik the Human Delver began the quest for the Orb.
     0 | D:5      | Reached XP level 1. HP: 18/18 MP: 1/1
    41 | D:5      | Noticed a scorpion
   126 | D:5      | Noticed a sleepcap
   313 | D:5      | Noticed an ogre
   328 | D:5      | Noticed a scorpion
   421 | D:4      | Found Onanguef's Magic Scroll Emporium.
   429 | D:3      | Noticed Sigmund
   592 | D:2      | Reached XP level 2. HP: 18/24 MP: 2/2
   749 | D:1      | Reached skill level 3 in Axes
  1199 | D:2      | Reached XP level 3. HP: 29/29 MP: 3/3
  1831 | D:3      | Noticed Natasha
  1839 | D:3      | Reached skill level 4 in Axes
  1849 | D:3      | Killed Natasha
  1850 | D:3      | Reached XP level 4. HP: 15/35 MP: 4/4
  2032 | D:3      | Reached skill level 5 in Axes
  2032 | D:3      | Reached XP level 5. HP: 41/41 MP: 5/5
  2129 | D:3      | Noticed Pargi
  2158 | D:3      | Killed Pargi
  2159 | D:3      | Reached skill level 6 in Axes
  2166 | D:3      | Reached XP level 6. HP: 13/47 MP: 6/6
  2477 | D:3      | Noticed Natasha
  2486 | D:3      | Killed Natasha
  2874 | D:4      | Reached skill level 7 in Axes
  2965 | D:4      | Reached XP level 7. HP: 27/52 MP: 7/7
  3099 | D:4      | Found Uhaniq's Antique Armour Emporium.
  3602 | D:4      | Reached skill level 8 in Axes
  3722 | D:4      | Bought a scroll of noise for 14 gold pieces
  4399 | D:5      | Reached skill level 9 in Axes
  4399 | D:5      | Reached XP level 8. HP: 58/58 MP: 8/8
  4477 | D:5      | Found Gakayg's Armour Shop.
  4928 | D:5      | HP: 1/58 [gnoll sergeant/+0 trident (9)]
  4931 | D:5      | Mangled by a gnoll sergeant

Illustrated notes

Levels and vault maps discovered:
D:1:      eino_arrival_druids_welcome, layout_rooms, skrybe_limestone_x
D:2:      layout_loops_ring, chequers_serial_rivers_large_a
D:3:      layout_loops_ring, led_xom_imps, serial_glass, glass_columns_b,
          glass_columns_b, glass_columns_a, glass_columns_a,
          portal_sewer_entry_e, uniq_natasha, uniq_sigmund, uniq_pargi
D:4:      layout_gridville, serial_shops, shop, nicolae_stop_n_shop_1,
          chequers_serial_rivers_micro_e
D:5:      layout_basic, serial_shops, shop, minmay_misc_feat_x, hex_medium
D:6:      layout_rooms, minmay_temple_entry_trees, uniq_maggie

Skill      XL: |  1  2  3  4  5  6  7 |
---------------+----------------------+-----
Axes           | 3 4 5 6 7 9 |  9.8
Fighting       | |  3.0
Dodging        | |  2.0
Stealth        | |  5.0

Action                     |  1- 3 |  4- 6 |  7- 9 || total
---------------------------+-------+-------+-------++-------
  Melee: Hand axe          |   129 |   184 |   239 ||   552
         Punch             |     1 |     4 |     5 ||    10
  Throw: Javelin           |     1 |     1 |       ||     2
         Dart              |       |       |     9 ||     9
  Evoke: Wand              |     1 |       |     1 ||     2
    Use: Potion            |     1 |     5 |     2 ||     8
         Scroll            |     1 |       |     6 ||     7
   Stab: Sleeping          |     6 |     3 |     3 ||    12
         Distracted        |       |       |     2 ||     2
 Armour: Leather armour    |    69 |   136 |   144 ||   349
  Dodge: Dodged            |    86 |   130 |   116 ||   332
